 Seeded DCSS version 0.27.0-1-g7a08968 (webtiles) character file.

Game seed: 14036611466628663890 (custom seed)

363290 NeededCrab the Phalangite (level 22, -11/181 HPs)
             Began as a Merfolk Monk on Sept 25, 2021.
             Was the Champion of Yredelemnul.
             Killed by divine providence
             ... invoked by a daeva
              (16 damage)
             ... on level 3 of the Abyss on Oct 1, 2021.
             The game lasted 04:46:32 (52217 turns).

NeededCrab the Phalangite (Merfolk Monk)           Turns: 52217, Time: 04:46:33

Health: -11/181    AC: 44    Str: 11    XL:     22   Next: 12%
Magic:  25/25      EV: 12    Int: 13    God:    Yredelemnul [******]
Gold:   3577       SH: 16    Dex: 19    Spells: 28/29 levels left

rFire    + + +     SeeInvis .   l - +14 lance "Wyrmbane" {slay drac, rPois rF+ rC+ AC+3}
rCold    + + +     Faith    .   B - +3 kite shield
rNeg     + . .     Spirit   .   V - +27 Lear's hauberk
rPois    +         Reflect  .   (helmet currently unavailable)
rElec    +         Harm     .   j - scarf {rC+ rF+}
rCorr    .         Rampage  .   (gloves currently unavailable)
Will     ++...                  (boots currently unavailable)
Stlth    ..........             T - amulet "Zumnaose" {RegenMP +Blink rElec rN+}
HPRegen  0.40/turn              g - ring of willpower
MPRegen  0.44/turn              P - ring of Monotheism {rF+ rC+}

@: about to teleport, unable to read, glowing
A: (nimble swimmer 2), mertail, iridescent scales 1, clumsy 1, [low mp 2], [weak
1], [inability to read while threatened]
}: 3/15 runes: decaying, silver, gossamer
a: Renounce Religion, Evoke Blink, Recall Undead Slaves, Injury Mirror, Animate
Dead, Drain Life, Enslave Soul


You were on level 3 of the Abyss.
You worshipped Yredelemnul.
Yredelemnul was exalted by your worship.
You visited 9 branches of the dungeon, and saw 40 of its levels.
You visited the Abyss 1 time.
You also visited: Ice Cave and Wizlab.

You collected 6493 gold pieces.
You spent 2916 gold pieces at shops.

Inventory:

Hand Weapons
 l - the +14 lance "Wyrmbane" (weapon) {slay drac, rPois rF+ rC+ AC+3}
   (You bought it in a shop on level 2 of the Dungeon)

   It inflicts extra damage against dragons and draconians.
   AC:        It affects your AC (+3).
   rF:        It protects you from fire.
   rC:        It protects you from cold.
   rPois:     It protects you from poison.
Armour
 j - a scarf of resistance (worn)
 B - a +3 kite shield (worn)
 V - the +27 Lear's hauberk (worn)
   (You bought it in a shop on level 2 of the Dungeon)
Jewellery
 g - a ring of willpower (left hand)
 h - a ring of see invisible
 o - a ring of poison resistance
 s - an amulet of guardian spirit
 G - a ring of positive energy
 P - the ring of Monotheism (right hand) {rF+ rC+}
   (You acquired it on level 15 of the Dungeon)

   [ring of protection from cold]

   rF:        It protects you from fire.
   rC:        It protects you from cold.
 Q - a ring of wizardry
 T - the amulet "Zumnaose" (around neck) {RegenMP +Blink rElec rN+}
   (You found it on level 1 of the Spider Nest)

   [amulet of magic regeneration]

   It increases your rate of magic regeneration.
   rElec:     It insulates you from electricity.
   rN:        It protects you from negative energy.
   +Blink:    It lets you blink.
 U - a ring of positive energy
Wands
 b - a wand of iceblast (38)
 f - a wand of mindburst (16)
 n - a wand of charming (18)
 C - a wand of paralysis (28)
 D - a wand of acid (9)
 F - a wand of polymorph (23)
 O - a wand of flame (55)
Scrolls
 a - 6 scrolls of amnesia
 c - a scroll of summoning
 m - 5 scrolls of enchant armour
 w - 2 scrolls of immolation
 x - 8 scrolls of enchant weapon
 y - 3 scrolls of magic mapping
 z - 10 scrolls of identify
 A - 7 scrolls of teleportation
 E - 2 scrolls of brand weapon
 J - 5 scrolls of fog
 K - 7 scrolls of fear
 L - 9 scrolls of blinking
 W - 2 scrolls of torment
Potions
 d - 7 potions of brilliance
 e - 5 potions of resistance
 i - 5 potions of might
 k - 12 potions of curing
 q - 6 potions of ambrosia
 u - 6 potions of haste
 v - 2 potions of berserk rage
 H - 3 potions of attraction
 N - 4 potions of mutation
 R - 7 potions of flight
 S - 6 potions of invisibility
 Y - 3 potions of magic
Miscellaneous
 p - a condenser vane
 r - a phantom mirror


   Skills:
 - Level 17.0 Fighting
 - Level 22.9 Polearms
 - Level 13.0 Armour
 + Level 17.3 Dodging
 - Level 2.1 Stealth
 - Level 15.0 Shields
 - Level 4.3 Spellcasting
 - Level 4.0 Translocations
 - Level 13.2 Invocations
 + Level 11.5 Evocations


You had 28 spell levels left.
You knew the following spells:

 Your Spells              Type           Power      Damage    Failure   Level
a - Apportation           Tloc           26%        N/A       58%         1

Your spell library contained the following spells:

 Spells                   Type           Power      Damage    Failure   Level
 Beastly Appendage        Tmut           4%         N/A       98%         1
 Foxfire                  Conj/Fire      8%         2x1d4     98%         1
 Freeze                   Ice            8%         1d3       98%         1
 Shock                    Conj/Air       8%         1d3       98%         1
 Sting                    Tmut/Pois      8%         1d3       98%         1
 Summon Small Mammal      Summ           8%         N/A       98%         1
 Ensorcelled Hibernation  Hex/Ice        4%         N/A       99%         2
 Sublimation of Blood     Necr           1%         N/A       99%         2
 Wereblood                Tmut           2%         N/A       99%         2
 Call Canine Familiar     Summ           2%         N/A       100%        3
 Conjure Flame            Conj/Fire      2%         6-21      100%        3
 Dazzling Flash           Conj/Hex       4%         N/A       100%        3
 Frozen Ramparts          Ice            4%         1d2       100%        3
 Ignite Poison            Fire/Tmut/Pois 2%         N/A       100%        3
 Inner Flame              Hex/Fire       2%         N/A       100%        3
 Mephitic Cloud           Conj/Pois/Air  2%         N/A       100%        3
 Ozocubu's Armour         Ice            2%         N/A       100%        3
 Spider Form              Tmut/Pois      1%         N/A       100%        3
 Stone Arrow              Conj/Erth      4%         3d7       100%        3
 Summon Guardian Golem    Hex/Summ       2%         N/A       100%        3
 Swiftness                Air            2%         N/A       100%        3
 Vampiric Draining        Necr           1%         2d6       100%        3
 Airstrike                Air            1%         N/A       100%        4
 Animate Armour           Summ/Erth      4%         N/A       100%        4
 Cause Fear               Hex            1%         N/A       100%        4
 Hailstorm                Conj/Ice       2%         3d3       100%        4
 Ice Form                 Ice/Tmut       2%         N/A       100%        4
 Summon Ice Beast         Ice/Summ       2%         N/A       100%        4
 Summon Lightning Spire   Summ/Air       2%         N/A       100%        4
 Agony                    Necr           2%         N/A       100%        5
 Bolt of Magma            Conj/Fire/Erth 1%         4d4       100%        5
 Fireball                 Conj/Fire      1%         3d3       100%        5
 Metabolic Englaciation   Hex/Ice        1%         N/A       100%        5
 Silence                  Hex/Air        1%         N/A       100%        5
 Summon Forest            Summ/Tloc      4%         N/A       100%        5
 Summon Mana Viper        Hex/Summ       2%         N/A       100%        5
 Eringya's Noxious Bog    Tmut/Pois      1%         N/A       100%        6
 Shadow Creatures         Summ           N/A        N/A       100%        6
 Simulacrum               Ice/Necr       1%         N/A       100%        6
 Starburst                Conj/Fire      1%         8x6d3     100%        6
 Monstrous Menagerie      Summ           1%         N/A       100%        7
 Orb of Destruction       Conj           1%         N/A       100%        7
 Ozocubu's Refrigeration  Ice            1%         4d5       100%        7
 Spellforged Servitor     Conj/Summ      1%         N/A       100%        7
 Storm Form               Tmut/Air       1%         N/A       100%        7
 Summon Hydra             Summ           1%         N/A       100%        7
 Borgnjor's Revivificati  Necr           1%         N/A       100%        8
 Discord                  Hex            1%         N/A       100%        8
 Ignition                 Fire           1%         3d3       100%        8
 Lehudib's Crystal Spear  Conj/Erth      1%         10d2      100%        8
 Maxwell's Capacitive Co  Air            1%         ∞         100%        8
 Necromutation            Tmut/Necr      1%         N/A       100%        8
 Chain Lightning          Conj/Air       1%         3d1       100%        9
 Polar Vortex             Ice            1%         N/A       100%        9


Dungeon Overview and Level Annotations

Branches:
Dungeon (15/15)            Temple (1/1) D:7            Lair (6/6) D:10
  Swamp (4/4) Lair:3       Spider (4/4) Lair:2        Slime (0/5) Lair:5
    Orc (2/2) D:10            Elf (0/3) Orc:2        Vaults (5/5) D:13
  Crypt (0/3) Vaults:3     Depths (2/5) D:15           Hell (visited)
  IceCv (visited)          WizLab (visited)
    Dis: Hell:1         Geh: Hell:1         Coc: Hell:1         Tar: Hell:1

Altars:
Ashenzari
Cheibriados
Dithmenos
Elyvilon
Fedhas
Gozag
Hepliaklqana
Kikubaaqudgha
Makhleb
Nemelex Xobeh
Okawaru
Qazlal
Ru
Sif Muna
Trog
Uskayaw
Vehumet
Wu Jian
Xom
Yredelemnul
Zin
The Shining One
Beogh

Shops:
D:2 ?[(??   D:4 [   D:13 [   Orc:2 !![=   Vaults:4 *

Portals:
Hell: Depths:1 Depths:2
Abyss: Depths:2
Pandemonium: Orc:2

Annotations:
D:7 3 runed translucent doors, Nurvuk's ghost, novice OgGl; Raine357's ghost, novice PaCK
Spider:1 2 transporters, exclusion: ice statue, yakattack's ghost, journeyman DsFi
Hell Geryon


Innate Abilities, Weirdness & Mutations

((You are quick and stealthy near water. (Stealth+, EV+, Speed+++)))
Your lower body shifts to a powerful aquatic tail in water.
You are partially covered in iridescent scales. (AC +2)
You are clumsy. (Dex -2)
[Your magical capacity is very low. (-20% MP)]
[You are weak. (Str -2)]
[You sometimes lose the ability to read scrolls when taking damage.]


Message History

The daeva is moderately wounded.
The daeva hits you with a +5 eudemon blade of holy wrath!
* * * LOW HITPOINT WARNING * * *
The daeva closely misses you.
You closely miss the daeva.
The daeva is moderately wounded.
The daeva blocks your attack.
The daeva is moderately wounded.
The daeva calls down the wrath of the Shining One upon you.
The Shining One smites you!
* * * LOW HITPOINT WARNING * * *
You puncture the daeva!
The daeva is heavily wounded.
You closely miss the daeva.
The daeva is heavily wounded.
You block the daeva's attack. The daeva closely misses you.
You impale the daeva!!
The daeva is severely wounded.
The daeva blocks your attack.
The daeva is severely wounded.
The daeva calls down the wrath of the Shining One upon you.
The Shining One smites you!
* * * LOW HITPOINT WARNING * * *
Okay, then.
You cannot read scrolls in your current state!
The daeva blocks your attack.
The daeva is severely wounded.
You hit the daeva but do no damage.
The daeva is severely wounded.
The daeva calls down the wrath of the Shining One upon you.
The Shining One smites you!
* * * LOW HITPOINT WARNING * * *
You impale the daeva!!
The daeva is almost dead.
You hit the daeva.
The daeva is almost dead.
The daeva calls down the wrath of the Shining One upon you.
The Shining One smites you!
You die...
Your body rises from the dead as a mindless zombie.

###
#@#
#A##
#.
## .
###
.. !
.


You could see a daeva.

Vanquished Creatures
  An ancient lich (Vaults:5)
  A juggernaut (D:15)
  A caustic shrike (Depths:2)
  Nikola (Depths:1)
  A Cloud Mage (WizLab)
  A tentacled monstrosity (Swamp:4)
  Rupert (Lair:5)
  A titan (Depths:2)
  2 tentacled starspawn (Abyss:2)
  A shadow dragon (Vaults:3)
  2 sphinxes
  Donald (Swamp:3)
  A storm dragon (Depths:1)
  2 fire giants
  5 vault wardens
  2 frost giants
  A ghost moth (Spider:1)
  2 emperor scorpions (Spider:4)
  7 ironbound preservers
  9 very ugly things
  6 stone giants
  A war gargoyle (Vaults:4)
  2 spark wasps (WizLab)
  A starcursed mass (Abyss:2)
  4 dire elephants
  Snorg (D:11)
  2 eleionomae (Swamp:1)
  An ettin (shapeshifter) (Vaults:5)
  4 blizzard demons (WizLab)
  2 ettins (Depths:1)
  9 fire dragons
  2 green deaths
  5 yaktaur captains
  11 hydras
  A peacekeeper (Vaults:4)
  A vault guard (Vaults:5)
  A deep elf high priest (Vaults:5)
  9 great orbs of eyes
  4 spriggan air magi
  5 ironbound thunderhulks
  5 ice dragons
  A ghost crab (WizLab)
  A boulder beetle (Vaults:2)
  10 centaur warriors
  3 ironbound frosthearts
  A catoblepas (Lair:6)
  3 death knights
  7 tengu warriors
  4 thrashing horrors
  8 death yaks
  4 hell knights
  A deep troll earth mage (Depths:1)
  2 spriggan berserkers (Depths:2)
  A vampire mage (Depths:2)
  An orc high priest (Orc:2)
  4 shock serpents (WizLab)
  4 ironbound beastmasters
  4 skeletal warriors (D:15)
  3 wretched stars (Abyss:2)
  A deep elf knight (D:15)
  5 sixfirhies
  A goliath frog (Swamp:1)
  3 spatial maelstroms (Abyss:2)
  6 death drakes
  18 deep trolls
  A spriggan druid (Swamp:1)
  A flayed ghost (Depths:1)
  5 bog bodies
  A glowing orange brain (Depths:2)
  A swamp dragon (shapeshifter) (Vaults:1)
  2 swamp dragons
  An infernal demonspawn (Orc:2)
  4 wizards
  An ironbound convoker (Vaults:4)
  2 lindwurms (Lair:6)
  5 large abominations (Abyss:2)
  5 orc knights
  A deep elf pyromancer (D:15)
  13 ugly things
  12 wolf spiders
  5 orb spiders
  2 necromancers
  3 orc sorcerers
  A fire giant skeleton (Abyss:2)
  7 black mambas
  3 manticores
  4 cyclopes
  An elephant (Lair:3)
  3 gargoyles
  3 vault sentinels
  4 apocalypse crabs
  An ice statue (IceCv)
  A titan simulacrum (Abyss:2)
  2 rust devils
  4 smoke demons (Abyss:2)
  12 cane toads
  Maggie (D:6)
  An orange demon (Swamp:4)
  14 rime drakes
  A hellion (Abyss:2)
  2 torpor snails
  4 efreet
  7 komodo dragons
  A kobold demonologist (D:14)
  10 demonic crawlers
  16 yaktaurs
  2 tengu conjurers
  3 ice devils
  A freezing wraith (D:13)
  A hellwing (Abyss:2)
  An ancient zyme (Abyss:2)
  3 trolls
  5 polar bears
  3 tyrant leeches (Swamp:1)
  4 wind drakes (WizLab)
  12 jumping spiders
  13 blink frogs
  11 raiju (Abyss:2)
  3 hornets
  6 slime creatures
  A blink frog (shapeshifter) (D:15)
  A shadow (D:9)
  Sigmund (D:6)
  A black mamba zombie (Abyss:2)
  8 tarantellas
  5 air elementals (WizLab)
  3 spriggans
  A shock serpent simulacrum (Abyss:2)
  A water elemental (Depths:1)
  2 ynoxinuls (Abyss:2)
  28 redbacks
  3 wyverns
  A wraith (D:10)
  38 yaks
  3 vampires
  A chaos spawn (Abyss:2)
  2 humans (Lair:6)
  A neqoxec (Abyss:2)
  3 basilisks
  6 vampire mosquitoes
  A warg (Orc:2)
  A spatial vortex (Abyss:2)
  6 swamp worms
  11 water moccasins
  3 acid dragons
  A sky beast (D:8)
  3 swamp drakes (Lair:6)
  2 ice beasts
  21 orc warriors
  6 black bears
  18 wolves
  3 necrophages
  An ogre (D:5)
  2 boggarts (Vaults:3)
  8 centaurs
  2 kobold brigands (D:9)
  2 gnoll sergeants
  15 bullfrogs
  A scorpion (D:5)
  12 killer bees (D:9)
  12 wights
  2 howler monkeys
  3 electric eels
  A centaur zombie (D:6)
  8 jellies
  A quasit (Abyss:2)
  4 hounds
  17 orc priests
  4 gnoll shamans
  2 iron imps (Abyss:2)
  A human skeleton (Abyss:2)
  5 iguanas
  10 orc wizards
  A killer bee zombie (D:8)
  3 small abominations (Abyss:2)
  A hound zombie (D:5)
  A howler monkey zombie (D:10)
  26 gnolls
  2 howler monkey skeletons
  5 adders
  A shadow imp (D:7)
  A white imp (Abyss:2)
  4 ufetubi
  A worm (D:4)
  A dart slug (D:4)
  53 orcs
  7 ball pythons
  A bat zombie (D:3)
  4 endoplasms
  A giant cockroach (D:1)
  9 goblins
  2 hobgoblins
  5 jackals (D:1)
  15 kobolds
  5 quokkas
  3 bats
  4 frilled lizards
  An orc skeleton (Abyss:2)
  3 rats
  A butterfly (D:7)
912 creatures vanquished.

Vanquished Creatures (collateral kills)
  Mara (Spider:3)
  A golden dragon (Vaults:5)
  Arachne (Spider:4)
  A tentacled monstrosity (Swamp:4)
  5 sphinxes
  A shadow dragon (Vaults:5)
  A thorn hunter (Swamp:3)
  2 storm dragons (Vaults:5)
  2 tengu reavers
  Kirke (Lair:5)
  Agnes (Spider:3)
  2 frost giants
  5 ghost moths
  11 vault wardens
  2 emperor scorpions (Spider:4)
  5 ghouls
  9 ironbound preservers
  14 very ugly things
  A stone giant (D:15)
  An entropy weaver (Vaults:2)
  4 deep elf annihilators
  A spark wasp (Spider:4)
  5 bunyips
  5 dire elephants
  4 eleionomae
  3 ettins
  A green death (Swamp:4)
  A fire dragon (Lair:6)
  A shambling mangrove (Swamp:3)
  6 yaktaur captains
  An ogre mage (Vaults:5)
  2 ironbound thunderhulks (Vaults:2)
  3 great orbs of eyes
  2 hell beasts (Swamp:4)
  6 hydras
  26 vault guards
  2 spriggan air magi
  6 ironbound frosthearts
  8 centaur warriors
  3 boulder beetles
  A two-headed ogre (D:10)
  6 alligators
  5 orc high priests
  7 ironbound beastmasters
  4 goliath frogs
  A skeletal warrior (Spider:3)
  A wretched star (Abyss:2)
  3 spriggan druids
  A gelid demonspawn (Orc:2)
  25 deep trolls
  3 bog bodies
  2 glowing orange brains
  9 wizards
  2 torturous demonspawn (Orc:2)
  A phantasmal warrior (Vaults:5)
  13 swamp dragons
  7 lindwurms
  8 ironbound convokers
  6 orc knights
  Pikel (D:3)
  16 wolf spiders
  A deep elf pyromancer (D:15)
  3 necromancers
  A salamander (shapeshifter) (D:13)
  5 orc sorcerers (Orc:2)
  16 orb spiders
  24 slime creatures
  2 manticores
  2 cyclopes
  28 ugly things
  An oklob plant (Lair:4)
  2 will-o-the-wisps
  A moth of wrath (Spider:4)
  2 starcursed masses (Abyss:2)
  13 vault sentinels
  A black mamba (Lair:2)
  2 gargoyles
  A torpor snail (Spider:3)
  4 cane toads
  An apocalypse crab (WizLab)
  A kobold demonologist (D:12)
  A large abomination (Swamp:4)
  An unseen horror (D:11)
  5 komodo dragons
  23 yaktaurs
  4 demonic crawlers
  2 rime drakes (Lair:6)
  4 tyrant leeches
  An ice devil (Lair:4)
  2 trolls
  7 hornets
  17 jumping spiders
  3 polar bears
  A red devil (Orc:2)
  10 blink frogs
  A raiju (shapeshifter) (Vaults:5)
  2 spriggans
  3 shadows
  14 yaks
  50 redbacks
  17 tarantellas
  A wyvern (D:10)
  3 wraiths
  2 small abominations (Swamp:4)
  3 basilisks
  A hog (Lair:6)
  A neqoxec (Orc:2)
  6 vampire mosquitoes
  9 swamp worms
  A water moccasin (Lair:1)
  A black bear (Lair:2)
  21 orc warriors
  3 boggarts (Vaults:3)
  A tengu (shapeshifter) (Abyss:2)
  3 necrophages (Swamp:2)
  2 ogres
  3 swamp drakes
  11 wolves
  4 centaurs
  A lemure (D:3)
  4 bullfrogs
  A scorpion (D:10)
  A water moccasin zombie (D:6)
  A killer bee (D:9)
  A vampire bat (D:3)
  2 electric eels
  2 centaur zombies
  2 redback zombies
  An iron imp (Abyss:2)
  6 jellies (Lair:5)
  4 orc priests
  2 iguanas
  4 orc wizards
  2 tarantella zombies
  12 gnolls
  An ogre zombie (Vaults:2)
  An adder (D:2)
  A deep troll zombie (Vaults:2)
  26 orcs
  4 bat skeletons (D:3)
  A bat zombie (D:3)
  3 endoplasms
  2 goblins (D:3)
  A hobgoblin (D:3)
  A quokka (D:4)
  2 ball pythons
  A frilled lizard (D:1)
  5 kobolds
  2 rats
  5 briar patches (Swamp:3)
  A butterfly (Lair:4)
  A plant (Lair:4)
  A starspawn tentacle (Abyss:2)
739 creatures vanquished.

Vanquished Creatures (others)
  A profane servitor (Vaults:4)
  4 ghouls
  7 vampire knights
  2 ettins (Depths:1)
  A spectral minotaur (Vaults:2)
  4 skeletal warriors
  A shadow wraith (Vaults:3)
  7 flayed ghosts
  A deep troll (Vaults:2)
  A wizard (Depths:1)
  A lindwurm (Vaults:2)
  An orb spider (Spider:2)
  11 phantasmal warriors
  A bloated husk (Swamp:2)
  12 flying skulls
  A redback (Spider:3)
  4 wraiths
  4 vampires
  A water elemental (Depths:1)
  2 humans (Lair:6)
  A floating eye (D:15)
  A very ugly thing zombie (Depths:2)
  A goliath frog zombie (Swamp:4)
  2 storm dragon zombies (Vaults:5)
  2 ugly thing zombies (Depths:2)
  A ghost moth zombie (Spider:1)
  A golden dragon zombie (Vaults:5)
  3 bunyip zombies
  6 wolf spider zombies
  13 redback zombies
  2 sphinx zombies
  2 tarantella zombies (Spider:1)
  3 stone giant zombies
  2 shock serpent zombies (WizLab)
  A shadow dragon zombie (Vaults:5)
  An eleionoma zombie (Swamp:1)
  A fire giant skeleton (D:15)
  A swamp worm zombie (Swamp:1)
  5 death yak zombies (IceCv)
  5 elf zombies
  3 fire dragon zombies
  5 hydra zombies
  2 ogre zombies
  2 dire elephant zombies (Vaults:1)
  3 ghoul skeletons
  3 spriggan zombies
  5 jumping spider zombies
  2 demonic crawler zombies (Spider:4)
  A mummy (Orc:2)
  2 death drake zombies (WizLab)
  A wind drake zombie (WizLab)
  5 deep troll zombies
  A wind drake skeleton (WizLab)
  A bog body skeleton (Swamp:2)
  2 tyrant leech zombies
  A black mamba zombie (Lair:4)
  A vampire mosquito zombie (D:13)
  An apocalypse crab zombie (Abyss:2)
  4 basilisk zombies
  4 blink frog zombies
  A komodo dragon zombie (Lair:3)
  A manticore zombie (D:14)
  6 orb spider zombies
  4 rime drake zombies
  3 swamp dragon zombies (Swamp:4)
  3 tengu zombies
  5 water moccasin zombies
  11 yak zombies
  8 yaktaur zombies
  4 cane toad zombies
  6 raiju zombies (Abyss:2)
  A cane toad skeleton (Lair:6)
  2 cyclops zombies (D:15)
  2 black bear zombies
  2 polar bear zombies (IceCv)
  3 ball python zombies (D:2)
  6 bullfrog zombies
  6 centaur zombies
  A frilled lizard zombie (D:1)
  4 gnoll zombies
  2 goblin zombies
  2 hobgoblin zombies
  2 howler monkey zombies
  A human skeleton (Lair:6)
  12 human zombies
  A jackal skeleton (D:1)
  A jackal zombie (D:1)
  7 killer bee zombies (D:9)
  7 kobold zombies
  26 orc zombies
  A sky beast zombie (D:8)
  A swamp drake zombie (Lair:6)
  15 wolf zombies
  A briar patch (Swamp:3)
  8 foxfires
  116 fungi
  200 plants
  11 starspawn tentacles (Abyss:2)
  6 withered plants (D:7)
669 creatures vanquished.

Grand Total: 2320 creatures vanquished

Notes
Turn   | Place    | Note
-------+----------+-------------------------------------------
     0 | D:1      | NeededCrab the Merfolk Monk began the quest for the Orb.
     0 | D:1      | Reached XP level 1. HP: 18/18 MP: 1/1
   163 | D:1      | Reached XP level 2. HP: 24/24 MP: 2/2
   175 | D:1      | Found a faded altar of an unknown god.
   181 | D:1      | Got Plato's Volume of Displacement
   182 | D:1      | Became a worshipper of Yredelemnul the Dark
   182 | D:1      | Reached * piety under Yredelemnul
   182 | D:1      | Reached ** piety under Yredelemnul
   451 | D:1      | Reached skill level 5 in Polearms
   680 | D:1      | Reached *** piety under Yredelemnul
   855 | D:1      | Reached XP level 3. HP: 5/29 MP: 3/3
  1327 | D:1      | Reached skill level 1 in Invocations
  1546 | D:2      | Found a snail-covered altar of Cheibriados.
  1571 | D:2      | Found Suuttis's Magic Scroll Shoppe.
  1773 | D:2      | Reached XP level 4. HP: 28/37 MP: 4/4
  1950 | D:2      | Found Kistea's Weapon Shop.
  1963 | D:2      | Found Recukecasm's Magic Scroll Boutique.
  2017 | D:2      | Found Ciliuc's Magic Scroll Emporium.
  2062 | D:2      | Found Ywoahe Xelo's Armour Shop.
  2271 | D:2      | Identified a scroll of acquirement
  2271 | D:2      | Acquired 964 gold pieces
  2445 | D:2      | Noticed a necrophage
  2459 | D:2      | Killed a necrophage
  2460 | D:2      | Reached skill level 6 in Polearms
  2460 | D:2      | Reached skill level 5 in Dodging
  2460 | D:2      | Reached XP level 5. HP: 42/42 MP: 6/6
  2511 | D:3      | Received a gift from Yredelemnul (5 flying skulls)
  2553 | D:3      | Found a white marble altar of Elyvilon.
  2797 | D:3      | Found an ornate altar of the Wu Jian Council.
  3095 | D:3      | Found an ancient bone altar of Kikubaaqudgha.
  3545 | D:4      | Noticed Pikel
  3545 | D:4      | Noticed a lemure
  3545 | D:4      | Noticed a lemure
  3594 | D:4      | Reached XP level 6. HP: 49/49 MP: 7/7
  3976 | D:2      | Bought the +8 lance "Wyrmbane" {slay drac, rPois rF+ rC+
                  | AC+3} for 1050 gold pieces
  3976 | D:2      | Found the +8 lance "Wyrmbane" {slay drac, rPois rF+ rC+
                  | AC+3}
  4078 | D:3      | Killed Pikel
  4079 | D:3      | Reached skill level 5 in Fighting
  4079 | D:3      | Reached skill level 8 in Polearms
  4079 | D:3      | Reached XP level 7. HP: 24/56 MP: 5/9
  4279 | D:4      | Reached **** piety under Yredelemnul
  4318 | D:4      | You fall into a shaft and drop 3 floors!
  4336 | D:7      | Received a gift from Yredelemnul (a mummy)
  4362 | D:7      | Found a runed translucent gate.
  4362 | D:7      | Found a runed translucent gate.
  4362 | D:7      | Found a runed translucent gate.
  4363 | D:7      | Noticed Nurvuk's ghost (novice OgGl)
  4376 | D:7      | Noticed Raine357's ghost (novice PaCK)
  4422 | D:7      | Found a stormy altar of Qazlal.
  4515 | D:6      | Noticed Sigmund
  4528 | D:5      | Entered Level 5 of the Dungeon
  4537 | D:5      | Reached skill level 9 in Polearms
  4539 | D:5      | Reached XP level 8. HP: 43/62 MP: 7/10
  4730 | D:5      | Found a shimmering blue altar of Sif Muna.
  5053 | D:4      | Found Ducoqamm's Armour Boutique.
  5186 | D:5      | Reached skill level 1 in Armour
  5407 | D:5      | Reached skill level 10 in Polearms
  5625 | D:6      | Killed Sigmund
  5625 | D:6      | Reached ***** piety under Yredelemnul
  5695 | D:6      | Reached skill level 5 in Invocations
  5880 | D:6      | Found a radiant altar of Vehumet.
  5890 | D:6      | Reached XP level 9. HP: 68/68 MP: 12/12
  5893 | D:6      | Your ally Sigmund died
  5897 | D:6      | Reached skill level 11 in Polearms
  6007 | D:6      | Received a gift from Yredelemnul (a wraith)
  6009 | D:6      | Noticed Maggie
  6019 | D:6      | Killed Maggie
  6497 | D:7      | Found a staircase to the Ecumenical Temple.
  6506 | Temple   | Entered the Ecumenical Temple
  6605 | D:7      | Noticed a brown ugly thing
  6620 | D:7      | Killed a brown ugly thing
  6621 | D:7      | Reached skill level 12 in Polearms
  6921 | D:7      | Reached skill level 1 in Shields
  7036 | D:7      | Found a shadowy altar of Dithmenos.
  7104 | D:7      | Found a bloodstained altar of Trog.
  7318 | D:8      | Found an opulent altar of Gozag.
  7587 | D:8      | Received a gift from Yredelemnul (a wraith)
  7611 | D:8      | Reached XP level 10. HP: 54/74 MP: 12/14
  8124 | D:8      | Received a gift from Yredelemnul (a wraith)
  8585 | D:9      | Found a burning altar of Makhleb.
  8623 | D:9      | Reached skill level 10 in Dodging
  9540 | D:9      | Received a gift from Yredelemnul (2 flying skulls)
  9721 | D:10     | Entered Level 10 of the Dungeon
  9791 | D:10     | Identified the +3 spear "Bicoycre" {vorpal, rF+ Int+4}
  9795 | D:10     | Found a broken altar of Ashenzari.
  9820 | D:10     | Reached skill level 5 in Armour
  9835 | D:10     | Reached XP level 11. HP: 80/80 MP: 17/17
  9885 | D:10     | Found a glowing silver altar of Zin.
  9900 | D:10     | Received a gift from Yredelemnul (a phantasmal warrior)
  9994 | D:10     | Found a staircase to the Lair.
 10013 | D:10     | Received a gift from Yredelemnul (a phantasmal warrior)
 10248 | D:10     | Noticed a two-headed ogre
 10252 | D:10     | Killed a two-headed ogre
 10587 | D:10     | Found a staircase to the Orcish Mines.
 11340 | D:11     | Received a gift from Yredelemnul (5 flying skulls)
 11456 | D:11     | Noticed Snorg
 11474 | D:11     | Killed Snorg
 11529 | D:11     | Reached skill level 10 in Invocations
 11810 | D:11     | Received a gift from Yredelemnul (a flying skull)
 11992 | D:12     | Noticed a cyclops
 12039 | D:12     | Killed a cyclops
 12568 | D:12     | Reached ****** piety under Yredelemnul
 12569 | D:12     | Received a gift from Yredelemnul (a wraith)
 12585 | D:12     | Acquired 585 gold pieces
 13529 | D:13     | Noticed a boulder beetle
 13543 | D:13     | Killed a boulder beetle
 13544 | D:13     | Reached XP level 12. HP: 86/86 MP: 19/19
 13706 | Lair:1   | Entered Level 1 of the Lair of Beasts
 13935 | Lair:1   | Noticed a five-headed hydra
 13948 | Lair:1   | Killed a five-headed hydra
 13949 | Lair:1   | Received a gift from Yredelemnul (a skeletal warrior)
 15308 | Lair:2   | Noticed a six-headed hydra
 15328 | Lair:2   | Killed a six-headed hydra
 16251 | Lair:2   | Found a hole to the Spider Nest.
 16539 | Lair:3   | Reached XP level 13. HP: 83/91 MP: 22/22
 17481 | D:2      | Bought the +27 Lear's hauberk for 1431 gold pieces
 17481 | D:2      | Found the +27 Lear's hauberk
 17705 | Lair:3   | Found a staircase to the Swamp.
 18208 | Lair:4   | Reached skill level 15 in Dodging
 18261 | Lair:4   | Received a gift from Yredelemnul (a vampire knight)
 18359 | Lair:4   | Found a frozen archway.
 18404 | IceCv    | Entered an ice cave
 18417 | IceCv    | Received a gift from Yredelemnul (a flayed ghost)
 19001 | IceCv    | Got Sif Muna's Compendium of the Snowflakes
 19024 | IceCv    | Noticed a frost giant
 19163 | IceCv    | Killed a frost giant
 19424 | IceCv    | Reached XP level 14. HP: 100/100 MP: 23/23
 19956 | Lair:4   | Received a gift from Yredelemnul (a vampire knight)
 20124 | Lair:4   | You fall into a shaft and drop 2 floors!
 20124 | Lair:6   | Entered Level 6 of the Lair of Beasts
 20179 | Lair:6   | Reached skill level 13 in Polearms
 20303 | Lair:6   | Found a sacrificial altar of Ru.
 20402 | Lair:6   | Received a gift from Yredelemnul (a wraith)
 21096 | Lair:5   | Found a staircase to the Slime Pits.
 21098 | Lair:5   | Reached skill level 10 in Armour
 21289 | Lair:5   | Noticed Rupert
 21312 | Lair:5   | Killed Rupert
 21841 | Lair:4   | Found a glowing silver altar of Zin.
 21908 | Lair:4   | Received a gift from Yredelemnul (a vampire knight)
 22431 | Lair:6   | Noticed Kirke
 22641 | Lair:5   | Killed Kirke
 22642 | Lair:5   | Reached skill level 14 in Polearms
 23321 | Lair:6   | Received a gift from Yredelemnul (a phantasmal warrior)
 23810 | Orc:1    | Entered Level 1 of the Orcish Mines
 23916 | Orc:1    | Received a gift from Yredelemnul (a skeletal warrior)
 24066 | Orc:1    | Reached XP level 15. HP: 108/114 MP: 24/24
 24083 | Orc:1    | Reached skill level 15 in Polearms
 24416 | Orc:2    | Entered Level 2 of the Orcish Mines
 24416 | Orc:2    | Found a staircase to the Elven Halls.
 24445 | Orc:2    | Found Utacir's Distillery.
 24461 | Orc:2    | Found Ifepsoen's Distillery.
 24629 | Orc:2    | Received a gift from Yredelemnul (a skeletal warrior)
 24673 | Orc:2    | Bought a potion of heal wounds for 85 gold pieces
 24809 | Orc:2    | Received a gift from Yredelemnul (a profane servitor)
 24822 | Orc:2    | Reached skill level 10 in Fighting
 24824 | Orc:2    | Gained mutation: You occasionally shout uncontrollably at
                  | your foes. [a neqoxec]
 24828 | Orc:2    | Lost mutation: You occasionally shout uncontrollably at
                  | your foes. [potion of mutation]
 24828 | Orc:2    | Gained mutation: You are partially covered in iridescent
                  | scales. (AC +2) [potion of mutation]
 24828 | Orc:2    | Gained mutation: You are clumsy. (Dex -2) [a neqoxec]
 24851 | Orc:2    | Received a gift from Yredelemnul (a vampire)
 25053 | Orc:2    | Found Tarik's Jewellery Shoppe.
 25053 | Orc:2    | Found Miyfurghaddis's Antique Armour Emporium.
 25054 | Orc:2    | Found a one-way gate leading to the halls of Pandemonium.
 25165 | Orc:2    | Received a gift from Yredelemnul (a flayed ghost)
 25216 | Orc:2    | Received a gift from Yredelemnul (a vampire knight)
 25751 | D:13     | Found Wobar's Antique Armour Shoppe.
 26007 | D:13     | Reached skill level 16 in Polearms
 26132 | D:13     | Received a gift from Yredelemnul (a phantasmal warrior)
 26141 | D:13     | Found a gate to the Vaults.
 26614 | D:14     | Found an iron altar of Okawaru.
 27803 | D:14     | Received a gift from Yredelemnul (a vampire)
 27806 | D:14     | Got the Almanac of Necromancy
 28197 | D:15     | Entered Level 15 of the Dungeon
 28709 | D:15     | Acquired the ring of Monotheism {rF+ rC+}
 28835 | D:15     | Found a staircase to the Depths.
 29340 | D:15     | Reached XP level 16. HP: 126/126 MP: 25/25
 29407 | D:15     | Found a broken altar of Ashenzari.
 29452 | D:15     | Reached skill level 17 in Polearms
 29588 | D:15     | Paralysed by a floating eye for 4 turns
 29589 | D:15     | Received a gift from Yredelemnul (a flayed ghost)
 30041 | Spider:1 | Entered Level 1 of the Spider Nest
 30215 | Spider:1 | Received a gift from Yredelemnul (a profane servitor)
 30581 | Spider:1 | Found a transporter.
 30587 | Spider:1 | Noticed yakattack's ghost (journeyman DsFi)
 30617 | Spider:1 | Found a transporter.
 30651 | Spider:1 | Received a gift from Yredelemnul (a skeletal warrior)
 30685 | Spider:1 | Identified the +9 long sword of the Warrior {antimagic, rC+
                  | rCorr}
 31172 | Spider:1 | Identified the amulet "Zumnaose" {RegenMP +Blink rElec rN+}
 31404 | Spider:1 | Received a gift from Yredelemnul (a vampire)
 31726 | Spider:2 | Received a gift from Yredelemnul (a profane servitor)
 31915 | Spider:2 | Received a gift from Yredelemnul (a phantasmal warrior)
 32225 | Spider:3 | Noticed Asterion
 32236 | Spider:3 | Received a gift from Yredelemnul (a ghoul)
 32239 | Spider:3 | Reached skill level 18 in Polearms
 32243 | Spider:3 | Killed Asterion
 32243 | Spider:3 | Enslaved Asterion
 32244 | Spider:3 | Noticed Mara
 32256 | Spider:3 | Noticed NeededCrab's illusion
 32267 | Spider:3 | Killed Mara
 32269 | Spider:3 | Received a gift from Yredelemnul (a flayed ghost)
 32401 | Spider:3 | Noticed Agnes
 32409 | Spider:3 | Killed Agnes
 32780 | Spider:3 | Reached skill level 1 in Evocations
 32987 | Spider:4 | Entered Level 4 of the Spider Nest
 33080 | Spider:4 | Received a gift from Yredelemnul (a ghoul)
 33442 | Spider:4 | Received a gift from Yredelemnul (a phantasmal warrior)
 33615 | Spider:4 | Noticed Arachne
 33627 | Spider:4 | Reached XP level 17. HP: 137/137 MP: 24/26
 33638 | Spider:4 | Received a gift from Yredelemnul (a phantasmal warrior)
 33648 | Spider:4 | Killed Arachne
 33971 | Spider:4 | Received a gift from Yredelemnul (a vampire knight)
 34251 | Spider:4 | Received a gift from Yredelemnul (a vampire knight)
 34307 | Spider:4 | Reached skill level 19 in Polearms
 34358 | Spider:4 | Received a gift from Yredelemnul (a skeletal warrior)
 34594 | Spider:4 | Got a gossamer rune of Zot
 34728 | Swamp:1  | Entered Level 1 of the Swamp
 34754 | Swamp:1  | Found the +5 robe of Night {Dark Will+ SInv}
 35452 | Swamp:1  | Received a gift from Yredelemnul (a skeletal warrior)
 35760 | Swamp:2  | Reached skill level 5 in Evocations
 35809 | Swamp:2  | Received a gift from Yredelemnul (a ghoul)
 35893 | Swamp:2  | Received a gift from Yredelemnul (a flayed ghost)
 36354 | Swamp:3  | Received a gift from Yredelemnul (a ghoul)
 36465 | Swamp:3  | Noticed Donald
 36479 | Swamp:3  | Killed Donald
 36656 | Swamp:3  | Received a gift from Yredelemnul (a skeletal warrior)
 36818 | Swamp:4  | Entered Level 4 of the Swamp
 36845 | Swamp:4  | Noticed a tentacled monstrosity
 36857 | Swamp:4  | Killed a tentacled monstrosity
 36892 | Swamp:4  | Received a gift from Yredelemnul (a phantasmal warrior)
 36892 | Swamp:4  | Reached skill level 5 in Shields
 36952 | Swamp:4  | Noticed a tentacled monstrosity
 36958 | Swamp:4  | Killed a tentacled monstrosity
 37266 | Swamp:4  | Reached XP level 18. HP: 134/147 MP: 27/27
 37652 | Swamp:4  | Got a decaying rune of Zot
 37926 | Vaults:1 | Entered Level 1 of the Vaults
 38067 | Vaults:1 | Received a gift from Yredelemnul (a vampire knight)
 38073 | Vaults:1 | Reached skill level 20 in Polearms
 38887 | Vaults:1 | Received a gift from Yredelemnul (a flayed ghost)
 39329 | Vaults:1 | Reached skill level 15 in Fighting
 39344 | Vaults:1 | Received a gift from Yredelemnul (a vampire knight)
 39634 | Vaults:2 | Received a gift from Yredelemnul (a vampire)
 39634 | Vaults:2 | Received a gift from Yredelemnul (a ghoul)
 39948 | Vaults:2 | Reached XP level 19. HP: 125/155 MP: 28/28
 40129 | Vaults:2 | Received a gift from Yredelemnul (a vampire knight)
 40417 | Vaults:2 | Received a gift from Yredelemnul (a flayed ghost)
 40737 | Vaults:2 | Reached skill level 10 in Shields
 41659 | Vaults:3 | Paralysed by a sphinx for 6 turns
 41671 | Vaults:2 | Your ally Asterion died
 42153 | Vaults:3 | Reached skill level 21 in Polearms
 42732 | Vaults:3 | Got the Collected Works on Snow and Toxins
 42761 | Vaults:3 | Identified the +1 whip of Dyurukke {vorpal, +Blink Dex+3}
 42846 | Vaults:3 | Received a gift from Yredelemnul (a vampire)
 43459 | Vaults:3 | Found a staircase to the Crypt.
 43525 | Vaults:4 | Received a gift from Yredelemnul (a vampire)
 43534 | Vaults:4 | Found a magical portal.
 43555 | WizLab   | Entered The Chambers of the Cloud Mage
 43613 | WizLab   | Paralysed by an air elemental for 1 turns
 43754 | WizLab   | Paralysed by an air elemental for 1 turns
 44440 | WizLab   | Paralysed by an air elemental for 1 turns
 44441 | WizLab   | Reached XP level 20. HP: 162/164 MP: 29/29
 44455 | WizLab   | Paralysed by an air elemental for 1 turns
 44764 | WizLab   | Noticed Gihumiz
 44788 | WizLab   | Killed Gihumiz the Cloud Mage
 44788 | WizLab   | Received a gift from Yredelemnul (a vampire)
 44789 | WizLab   | Reached skill level 10 in Evocations
 44959 | WizLab   | Got the Handbook of Lightness
 44960 | WizLab   | Identified the ring "Cytoranymm" {Fly rPois}
 44964 | WizLab   | Got the Papyrus of Frigorific Transformation
 45305 | Vaults:4 | Received a gift from Yredelemnul (a flayed ghost)
 45611 | Vaults:4 | Received a gift from Yredelemnul (a bone dragon)
 46033 | Vaults:4 | Paralysed by a sphinx for 7 turns
 46150 | Vaults:4 | Received a gift from Yredelemnul (a ghoul)
 46159 | Vaults:4 | Received a gift from Yredelemnul (a ghoul)
 46397 | Vaults:4 | Reached skill level 22 in Polearms
 46619 | Vaults:4 | Found Waawiav's Assorted Antiques.
 47196 | Vaults:5 | Entered Level 5 of the Vaults
 47213 | Vaults:5 | Received a gift from Yredelemnul (a phantasmal warrior)
 47360 | Vaults:5 | Noticed an ancient lich
 47362 | Vaults:5 | Noticed a golden dragon
 47370 | Vaults:5 | Killed an ancient lich
 47373 | Vaults:5 | Killed a golden dragon
 47408 | Vaults:5 | Reached XP level 21. HP: 72/173 MP: 30/30
 47786 | Vaults:5 | Got a silver rune of Zot
 48215 | Depths:1 | Entered Level 1 of the Depths
 48293 | Depths:1 | Noticed a juggernaut
 48357 | D:15     | Killed a juggernaut
 48902 | Orc:2    | Bought a ring of willpower for 350 gold pieces
 49377 | Depths:1 | Received a gift from Yredelemnul (a phantasmal warrior)
 49546 | Depths:1 | Identified the amulet of Doubt {RegenMP +Blink Will- Int-2
                  | Dex+5}
 49601 | Depths:1 | Identified the +8 mace of the Water Diviner {vamp, Fragile
                  | +Blink rElec rN++}
 49657 | Depths:1 | Noticed Nikola
 49681 | Depths:1 | Killed Nikola
 49783 | Depths:1 | Found a shimmering altar of Xom.
 49974 | Depths:1 | Found a gateway to Hell.
 50072 | Hell     | Entered the Vestibule of Hell
 50072 | Hell     | Noticed Geryon
 50141 | Depths:2 | Received a gift from Yredelemnul (a ghoul)
 50196 | Depths:2 | Reached skill level 15 in Shields
 50214 | Depths:2 | Learned a level 1 spell: Apportation
 50274 | Depths:2 | Received a gift from Yredelemnul (a vampire knight)
 50275 | Depths:2 | Reached skill level 1 in Spellcasting
 50275 | Depths:2 | Reached skill level 1 in Translocations
 50371 | Depths:2 | Found a one-way gate to the infinite horrors of the Abyss.
 50388 | Depths:2 | Noticed a caustic shrike
 50416 | Depths:2 | Killed a caustic shrike
 50795 | Depths:2 | Identified the +12 spear "Q" {speed, Contam rPois rF-
                  | Str+7}
 50804 | Depths:2 | Cast into level 2 of the Abyss (a wizard)
 51414 | Abyss:2  | Received a gift from Yredelemnul (a flayed ghost)
 51506 | Abyss:2  | Reached XP level 22. HP: 130/181 MP: 31/31
 51588 | Abyss:2  | Paralysed by accursed screaming for 1 turns
 52026 | Abyss:2  | Received a gift from Yredelemnul (a phantasmal warrior)
 52093 | Abyss:2  | Received a gift from Yredelemnul (a vampire knight)
 52215 | Abyss:3  | HP: 4/181 [daeva/divine providence (9)]
 52217 | Abyss:3  | Killed from afar by a daeva

Illustrated notes

Levels and vault maps discovered:
D:1:      elethiomel_arrival_infinity_welcomes_careful_drivers, layout_rooms,
          shapermc_ecumenical_altar_rom_forum, minmay_stone_trees_medium,
          minmay_misc_feat_five
D:2:      layout_loops_ring, basic_altar, serial_shops, shop, shop, shop, shop,
          shop, minmay_shallow_snake_nest
D:3:      layout_basic, nicolae_wu_jian_immortal_techniques,
          mainiacjoe_overflow_chevrons, kennysheep_vampire_church,
          hangedman_decor_diamond_cutter, kennysheep_generic_room_8
D:4:      layout_cave_pools, serial_shops, kennysheep_mini,
          minmay_misc_feat_plants, uniq_pikel
D:5:      layout_rooms, nicolae_sif_muna_little_library
D:6:      layout_basic, vehumet_crystals, chequers_serial_rivers_large_b,
          lemuel_flamethrower_2, uniq_sigmund, uniq_maggie
D:7:      layout_rooms, nicolae_qazlal_scattered_showers,
          mainiacjoe_overflow_swirl, minmay_temple_entry_butterflies,
          gammafunk_ghost_cemetery
D:8:      layout_basic, grunt_gozag_breadcrumbs
D:9:      layout_long_grid, general_overflow_altar, grunt_ministairs_2
D:10:     layout_stronghold, mainiacjoe_overflow_catwalk, lemuel_doored_altar,
          due_lair_maze_entry_diamond, orc_0_dummy
D:11:     layout_roguey, uniq_snorg
D:12:     layout_stronghold
D:13:     layout_gridville, david_vaults_4, serial_shops, shop, hive_lemuel
D:14:     layout_basic, okawaru_ov_weapons_minmay
D:15:     grunt_enter_depths_hoard, layout_irregular_city,
          ashenzari_conservatory_becter, onia_ninara_cookie
Temple:   cyrus_temple_forest
Lair:1:   layout_hall_layers, grunt_megastairs_4, lemuel_fruit_fields
Lair:2:   layout_loops_ring, dummy_spider_entry, forest_entry_grove
Lair:3:   layout_cave_pods, skrybe_swamp_entry_bodies, minmay_stone_trees_small,
          minmay_shattered_shrine, serial_bayou_shore_b,
          infiniplex_staircase_pool
Lair:4:   layout_small_grid, portal_ice_cave_demonic_guard, lemuel_oklob_altar,
          serial_bayou_shore_a, lemuel_fruit_fields, grunt_megastairs_2,
          infiniplex_staircase_pool_2
Lair:5:   layout_regular_city, minmay_slime_entry_jelly_boxes, uniq_rupert
Lair:6:   guppyfry_lair_end_dragon, layout_regular_city,
          hangedman_lair_in_review, basic_altar, lookout_lair_type, uniq_kirke
Swamp:1:  layout_basic_swamp, nicolae_swamp_very_dense_foliage, swamp_pool1
Swamp:2:  layout_basic_swamp, evilmike_swamp_ruin_rubble_2
Swamp:3:  layout_falls_marsh, evilmike_swamp_ruin_house_2, uniq_donald
Swamp:4:  swamp_vile, layout_basic_swamp
Spider:1: layout_spider_delve, nzn_ghost_randoct
Spider:2: layout_spider_delve
Spider:3: layout_spider_delve, uniq_agnes, uniq_asterion, uniq_mara
Spider:4: johnstein_spider_rune_arachne_lair
Orc:1:    layout_caves, mines2_david
Orc:2:    pf_orc_diabolical, layout_caves
Vaults:1: v_pattern_4, vaults_standard_mumra_enter_the_diamond,
          ontoclasm_vaults_gateway, vaults_room_grunt_arrival_ludios,
          ontoclasm_vaults_misaligned, v_misc_17, vaults_mumra_hex, v_misc_28,
          v_misc_25, layout_vaults_omnibox
Vaults:2: nicolae_vaults_theta, vaults_dpeg_ring, grunt_vaults_bifocal,
          vaults_room_pool, vaults_mumra_hexcomb, v_misc_18, v_pattern_2,
          v_misc_25, special_room_vaults [special_room_orc],
          layout_vaults_big_room
Vaults:3: blue_anna_dwarven_crypt, st_octagons_1,
          nicolae_vaults_little_squares_3, nicolae_vaults_little_squares_4,
          vaults_room_door_ring, nicolae_vaults_alarming,
          nicolae_vaults_stairing_the_circle, nicolae_vaults_network_square,
          nicolae_vaults_bisected_exclaves, layout_vaults_maze, uniq_margery
Vaults:4: hangedman_vaults_hat, v_misc_12, vaults_standard_mumra_lines,
          nicolae_vaults_little_ls, nicolae_vaults_twisting_passages, v_rooms_4,
          ontoclasm_vaults_fire_temple, vaults_room_pool,
          layout_vaults_omnigrid, infiniplex_enter_wizlab_glasses, serial_shops,
          nicolae_shop_trees
Vaults:5
Depths:1: minmay_cut_squares, layout_cave_pools, serial_bayou_lagoon_a,
          hell_entry, xom_confusion_cloud, uniq_nikola
Depths:2: hangedman_pleasuredromes, hell_entry, abyss_entry, uniq_bai_suzhen
Hell
Abyss:3:  base: D:2, guppyfry_abyss_exit_glass_guarded

Skill      XL: |  1  2  3  4  5  6  7  8  9 10 11 12 13 14 15 16 17 18 19 20 21 22 |
---------------+-------------------------------------------------------------------+-----
Polearms       | 5 6 8 9 10 12 14 16 18 19 20 21 22 | 22.9
Invocations    | 1 2 3 5 6 8 10 12 13 | 13.2
Fighting       | 4 5 6 9 11 13 14 15 16 17 | 17.0
Dodging        | 5 6 7 9 10 12 14 15 17 | 17.3
Armour         | 2 3 5 6 8 9 10 11 12 13 | 13.0
Shields        | 2 4 5 9 11 13 15 | 15.0
Evocations     | 2 6 8 9 11 | 11.5
Spellcasting   | 3 4 |  4.3
Translocations | 3 4 |  4.0
Stealth        | |  2.1

Action                   |  1- 3 |  4- 6 |  7- 9 | 10-12 | 13-15 | 16-18 | 19-21 | 22-24 || total
-------------------------+-------+-------+-------+-------+-------+-------+-------+-------++-------
Melee: Spear             |   130 |   147 |       |       |       |       |       |       ||   277
       Lance             |       |     4 |   249 |   776 |  1694 |  1201 |  1747 |   209 ||  5880
Invok: Animate Remains   |     4 |       |       |       |       |       |       |       ||     4
       Animate Dead      |     3 |    10 |    16 |    44 |    71 |    93 |    70 |     2 ||   309
       Recall Undead Sla |       |     1 |     1 |     2 |     5 |     5 |     2 |       ||    16
       Drain Life        |       |       |       |       |     5 |     3 |    12 |     3 ||    23
       Stop Recall       |       |       |       |       |     1 |     4 |       |       ||     5
       Enslave Soul      |       |       |       |       |       |     1 |       |       ||     1
       Injury Mirror     |       |       |       |       |       |       |     3 |       ||     3
 Abil: Evoke Blink       |       |       |       |       |       |       |     1 |     1 ||     2
Evoke: Condenser vane    |       |       |       |       |       |     2 |     1 |       ||     3
  Use: Scroll            |       |     3 |       |    15 |     6 |     8 |     2 |     2 ||    36
       Potion            |       |       |       |       |     4 |     1 |     5 |     1 ||    11
 Stab: Sleeping          |     3 |     4 |     4 |     4 |       |     1 |       |       ||    16
       Distracted        |       |     1 |     1 |    11 |    24 |    33 |    31 |       ||   101
       Petrified         |       |       |       |       |     4 |       |       |       ||     4
       Petrifying        |       |       |       |       |     1 |       |       |       ||     1
       Paralysed         |       |       |       |       |       |     1 |     9 |       ||    10
Armor: Robe              |     7 |       |       |       |       |       |       |       ||     7
       Ring mail         |    20 |    47 |    32 |    29 |       |       |       |       ||   128
       Acid dragon scale |       |       |       |    36 |     4 |       |       |       ||    40
       Chain mail        |       |       |       |     4 |   429 |   621 |   539 |    55 ||  1648
       Skin              |       |       |       |       |       |     1 |       |       ||     1
Dodge: Dodged            |    61 |    65 |    44 |   204 |   525 |   522 |   379 |    44 ||  1844
Block: Buckler           |       |       |     5 |    69 |   198 |   128 |       |       ||   400
       Kite shield       |       |       |       |       |       |   174 |   681 |   106 ||   961
